AoeStats
← Fluvialgeomorphologist

Socotra

504929114Analyzed
4v4 RM · 25d ago on Sep 7, 2026· 35m 28s· 8 players
Game mode
Random Map
Map size
148×148
Population
200
Speed
Normal
Resources
Standard
Victory
Conquest
Starting age
Dark Age
Ending age
Imperial Age
RankedLock teamsTeams togetherTeam positionsShared explorationLock speedFull tech treeHidden civsTurbo modeCheats
Victory
Defeat
🇦🇷 Burgundians · Argentina
1005
+12
🇦🇷 Franks · Argentina
964
+14
🇦🇷 Bulgarians · Argentina
953
+15
🇨🇳 Khitans · China
950
+15
🇨🇴 Ethiopians · Colombia
951
-15
🇯🇵 Khmer · Japan
947
-15
🇲🇽 Saracens · Mexico
914
-14
🇺🇸 Georgians · United States
879
-12
HUSEINMACO
4:59 Loom
10:38 Feudal Age
11:08 Double-Bit Axe
16:05 Fletching
18:05 Wheelbarrow
23:00 Castle Age
21:02 Padded Archer Armor
21:49 Gold Mining
21:42 Horse Collar
23:54 Bow Saw
23:46 Heavy Plow
23:15 Crossbowman
23:57 Bodkin Arrow
25:31 Leather Archer Armor
29:30 Hand Cart
34:44 Imperial Age
Arthedain
0:56 Loom
11:39 Feudal Age
15:10 Double-Bit Axe
16:05 Fletching
25:09 Castle Age
23:23 Padded Archer Armor
23:42 Gold Mining
24:07 Horse Collar
24:59 Stone Mining
25:13 Crossbowman
26:17 Thumb Ring
27:51 Bodkin Arrow
28:39 Leather Archer Armor
30:37 Ballistics
30:28 Masonry
lesserpanda1300
2:11 Loom
2:37 Loom
12:15 Feudal Age
15:00 Bloodlines
16:21 Double-Bit Axe
16:20 Horse Collar
16:58 Forging
17:39 Scale Barding Armor
24:54 Castle Age
24:25 Fletching
25:00 Gold Mining
25:01 Stone Mining
31:17 Wheelbarrow
32:31 Husbandry
36:00 Imperial Age
Fluvialgeomorphologist
5:42 Loom
12:10 Feudal Age
18:19 Castle Age
22:27 Double-Bit Axe
22:26 Horse Collar
28:41 Wheelbarrow
32:24 Imperial Age
30:18 Pikeman
31:00 Squires
davidAOE
3:18 Loom
10:43 Feudal Age
13:29 Forging
18:52 Double-Bit Axe
23:39 Horse Collar
27:35 Castle Age
26:01 Bow Saw
25:45 Gold Mining
25:45 Stone Mining
26:33 Heavy Plow
27:20 Scale Barding Armor
28:09 Cavalier
31:31 Two-Man Saw
33:04 Fletching
ZHurald ZHurdrada
4:21 Loom
14:37 Feudal Age
16:10 Double-Bit Axe
18:58 Castle Age
21:39 Scale Barding Armor
22:14 Forging
23:59 Wheelbarrow
24:11 Iron Casting
25:19 Husbandry
25:32 Domestication
26:04 Bow Saw
26:32 Chain Barding Armor
26:48 Stone Mining
30:26 Hand Cart
32:16 Town Watch
34:45 Pastoralism
35:17 Fervor
37:47 Imperial Age
sebaspuertas
13:55 Feudal Age
16:01 Town Watch
16:39 Double-Bit Axe
20:37 Castle Age
20:54 Stone Mining
22:42 Husbandry
26:39 Town Patrol
27:36 Forging
33:22 Iron Casting
leamm89
5:35 Loom
10:39 Feudal Age
11:57 Arson
13:32 Forging
17:20 Fletching
19:21 Double-Bit Axe
19:24 Horse Collar
20:47 Scale Mail Armor
20:50 Padded Archer Armor
26:42 Castle Age
27:49 Elite Skirmisher
28:30 Bodkin Arrow
29:46 Leather Archer Armor
30:19 Caravan
31:51 Gold Mining
32:02 Heavy Plow
32:15 Bow Saw
Connection lost

Rejoining the realm…

Still unreachable

The connection could not be restored.

Session expired

The server has moved on; the page needs a fresh start.